MrWarthog, neutral male human Wizard - ----------- . ## |.......... |.. #--.........| |..?s@dd#..........d.# - -- #|.......`<.| #...........| ------------ MrWarthog the Wizard Experience level: 7 Strength: 10 Dexterity: 10 Constitution: 17 Intelligence: 16 Wisdom: 16 Charisma: 8 Health: 0(71) Energy: 54(60) Def: 8 Gold: 935 Moves: 3819 Dungeon seed [set]: Game ID: MrWarthog_1654939877 Your Inventory: Coins $ - 935 gold pieces Weapons a - a blessed +1 quarterstaff (weapon in hands) r - a blessed +1 elven dagger D - 4 blessed +0 daggers (in quiver) Armor e - a blessed +0 cloak of magic resistance (being worn) q - a blessed greased rustproof +2 scale mail (being worn) N - an uncursed +0 pair of speed boots (being worn) Comestibles J - an uncursed sprig of wolfsbane Scrolls c - an uncursed scroll of light l - an uncursed scroll of destroy armor C - an uncursed scroll of scare monster W - an uncursed scroll of create monster Rings g - an uncursed ring of protection from shape changers Wands i - an uncursed wand of cold (0:6) j - an uncursed wand of enlightenment (0:10) E - an uncursed wand of make invisible (0:2) S - an uncursed wand of make invisible (0:5) Tools k - an uncursed credit card named tele x - an uncursed +0 pick-axe I - an uncursed sack K - an uncursed skeleton key P - an uncursed magic lamp (lit) Q - an uncursed magic lamp X - an uncursed towel Gems n - an uncursed touchstone named touch? Contents of the sack: 800 gold pieces a blessed scroll of blank paper an uncursed scroll of remove curse an uncursed scroll of stinking cloud a blessed spellbook of force bolt an uncursed spellbook of light an uncursed ring of conflict a cursed [-1] ring of increase accuracy Spells and supernatural/magical abilities: Name Level Category Fail Memory a - force bolt 1 attack 12% 81% l - light 1 divination 12% 81% W - pray for help -- divine ? -- Your skills at the end: Miscellaneous Skills wands [Basic] stealth [Skilled] Weapon Skills dagger [Basic] quarterstaff [Basic] Spellcasting Skills attack spells [Basic] enchantment spells [Basic] Final Attributes: You were devoutly aligned. You were magic-protected. Your writing hand was ok. You were telepathic. You were somewhat stealthy. You were very fast. You are dead. Vanquished creatures: a wolf a leprechaun a gnome king 3 dust vortices 6 bugbears a baby crocodile an orc shaman 4 fog clouds 5 gnome lords 3 gnomish wizards a guardian naga hatchling an elf zombie a paper golem a giant ant 2 floating eyes 2 kittens 6 dwarves 2 homunculi 2 kobold lords a kobold shaman an iguana 3 rothes a rabid rat a jitterbug a giant bat 2 orc zombies a dwarf zombie 4 hobbits 3 large kobolds 6 geckos 5 hobgoblins 2 yellow molds 20 gnomes 4 jackals 2 kobolds 5 newts 2 goblins 3 sewer rats 6 grid bugs 4 lichens 121 creatures vanquished. Voluntary challenges: You did not adorn yourself with jewelry or accessories. You did not cause conflict. You were not invisible. You did not have reflection. You were not displaced. You did not donate to any temples.. You used a wielded weapon 172 times, starting on turn 134. You did not apply a unicorn horn. You did not use plumbed fixtures. You read items or engraved 3 times, starting on turn 346. You never genocided any monsters. You never polymorphed an object. You never changed form. You used 1 wish, starting on turn 3744. You did not wish for any artifacts. You did not use any artifacts. You never split a pudding. You never wrote Elbereth's name. You never violated your personal moral code. Dungeon overview: The Dungeons of Doom: levels 1 to 8 Level 1 an altar to Anhur a long staircase Level 2 a vault, a jewelry store, a fountain Level 3 a fountain Level 4 a vault, a fountain stairs to The Gnomish Mines Level 5 an armor shop Level 6 a shop Level 7 a vault Level 8 <- You were here The Gnomish Mines: levels 5 to 7 Level 5 stairs to The Dungeons of Doom Level 6 Level 7 many shops, a temple to Ptah, a magic chest, some fountains History has recorded: On T:1 you entered the Dungeons of Doom to retrieve the Amulet of Yendor! On T:194 you reached level 2 of The Dungeons of Doom. On T:524 you reached level 3 of The Dungeons of Doom. On T:585 you advanced to experience level 2. On T:690 you reached level 4 of The Dungeons of Doom. On T:787 you advanced to experience level 3. On T:1107 you reached level 5 of The Dungeons of Doom. On T:1133 you advanced to experience level 4. On T:1493 you reached level 6 of The Dungeons of Doom. On T:1593 you reached level 7 of The Dungeons of Doom. On T:1720 you advanced to experience level 5. On T:1868 you reached level 1 of The Gnomish Mines. On T:2040 you advanced to experience level 6. On T:2089 you reached level 2 of The Gnomish Mines. On T:2377 you reached level 3 of The Gnomish Mines. On T:2391 you entered the Minetown temple On T:2391 you unlocked the Monk role by entering the Minetown temple. On T:2856 you advanced to experience level 7. On T:3578 you unlocked the orcish race by entering a throne room. On T:3578 you unlocked the race option by entering a throne room. On T:3578 you unlocked the showrace option by entering a throne room. On T:3690 you reached level 8 of The Dungeons of Doom. On T:3744 you wished for "blessed greased fixed +2 silver dragon scale mail". Score breakdown: Gold: 1735 ( 173 points) Experience: 7 levels ( 600 points) Exploration: 8 levels ( 210 points) Discoveries: 25 items ( 1250 points) Variety of kills: 40 monsters ( 2000 points) Major goal: reached Minetown ( 500 points) Survival: died (score multiplied by 3) Total score: 14199 Latest messages: The giant spider bites! The giant spider moves its spinnerets around you. You miss the giant spider. You hear some noises in the distance. The wolf bites! The giant spider misses. The giant spider moves its spinnerets around you. The spell hits the giant spider! The wolf bites! The giant spider bites! The giant spider moves its spinnerets around you. The spell misses the giant spider. The wolf bites! The giant spider bites! The giant spider moves its spinnerets around you. The wolf bites! The giant spider bites! You die... Final status: Goodbye MrWarthog the Wizard, killed by a giant spider... You died in The Dungeons of Doom on dungeon level 8 with 14199 points, and 1735 pieces of gold, after 3819 moves. You were level 7 with a maximum of 71 hit points when you died.